 Dungeon Crawl Stone Soup version 0.28.0 (webtiles) character file.

Game seed: 6249150556473731820

10019 Ayyar the Protected (level 11, -3/63 HPs)
             Began as a Gargoyle Fighter on Apr 14, 2022.
             Was an Elder of Hepliaklqana.
             Slain by a six-headed hydra (9 damage)
             ... on level 12 of the Dungeon.
             The game lasted 00:36:09 (12431 turns).

Ayyar the Protected (Gargoyle Fighter)             Turns: 12431, Time: 00:36:10

Health: -3/63      AC: 23    Str: 23    XL:     11   Next: 55%
Magic:  11/11      EV: 10    Int: 10    God:    Hepliaklqana [****..]
Gold:   503        SH:  8    Dex:  9    Spells: 10/10 levels left

rFire   + . .      SeeInvis .   F - +4 flail (freeze)
rCold   . . .      Faith    .   g - +2 buckler
rNeg    + . .      Spirit   .   p - +2 ring mail {rF+}
rPois   ∞          Reflect  .   (no helmet)
rElec   +          Harm     .   i - +2 cloak
rCorr   +          Rampage  .   x - +0 pair of gloves
Will    +....                   y - +0 pair of boots
Stlth   ..........              (no amulet)
HPRegen 0.20/turn               s - ring of resist corrosion
MPRegen 0.12/turn               D - ring of willpower

@: mighty
A: reduced essence, sickness immunity, AC +8, negative energy resistance 1,
electricity resistance, torment resistance 1, petrification resistance
a: Renounce Religion, Recall Ancestor, Ancestor Identity, Transference, Idealise


You were on level 12 of the Dungeon.
You worshipped Hepliaklqana.
Hepliaklqana was greatly pleased with you.
You visited 2 branches of the dungeon, and saw 13 of its levels.
You also visited: Sewer.

You collected 503 gold pieces.

Inventory:

Hand Weapons
 u - a +0 flail of draining
 E - the +6 war axe of Superiority {antimagic, rElec rF- Will+++ Int+6}
   (You found it on level 7 of the Dungeon)

   It reduces the magical energy of the wielder, and disrupts the spells and
   magical abilities of those it strikes.
   Natural abilities and divine invocations are not affected.
   Int:       It affects your intelligence (+6).
   rF:        It makes you vulnerable to fire.
   rElec:     It insulates you from electricity.
   Will:      It greatly increases your willpower.
 F - a +4 flail of freezing (weapon)
Missiles
 b - 4 boomerangs
 z - 50 poisoned darts (quivered)
 I - 4 atropa-tipped darts
 L - a curare-tipped dart
Armour
 g - a +2 buckler (worn)
 i - a +2 cloak (worn)
 p - a +2 ring mail of fire resistance (worn)
 x - a +0 pair of gloves (worn)
 y - a +0 pair of boots (worn)
Jewellery
 c - an amulet of magic regeneration
 s - a ring of resist corrosion (left hand)
 w - a ring of magical power
 C - a +6 ring of dexterity
 D - a ring of willpower (right hand)
Wands
 a - a wand of charming (7)
 r - a wand of flame (20)
 G - a wand of mindburst (11)
 J - a wand of acid (3)
 K - a wand of iceblast (14)
 M - a wand of polymorph (2)
Scrolls
 e - a scroll of blinking {unknown}
 f - 7 scrolls of teleportation
 j - 3 scrolls of enchant weapon
 o - a scroll of amnesia {unknown}
 q - 4 scrolls of identify
 A - a scroll of fog {unknown}
 O - 3 scrolls of immolation {unknown}
 P - a scroll of silence {unknown}
 Q - a scroll of fear {unknown}
Potions
 d - a potion of might
 h - 5 potions of heal wounds
 k - 4 potions of resistance
 l - 4 potions of flight
 m - 5 potions of haste
 n - a potion of mutation {unknown}
 t - 3 potions of berserk rage
 v - 3 potions of curing
 B - 2 potions of magic {unknown}
 H - a potion of attraction {unknown}
 N - a potion of cancellation {unknown}


   Skills:
 + Level 9.6 Fighting
 + Level 8.5 Maces & Flails
 - Level 4.0 Throwing
 + Level 9.6 Armour
 + Level 9.6 Shields
 - Level 5.0 Evocations


You had 10 spell levels left.
You didn't know any spells.
Your spell library contained the following spells:

 Spells                   Type           Power      Damage    Failure   Level
 Conjure Flame            Conj/Fire      0%         6-21      90%         3
 Ignite Poison            Fire/Tmut/Pois 0%         N/A       90%         3
 Animate Dead             Necr           0%         N/A       100%        4
 Sticky Flame             Conj/Fire      0%         2d3       100%        4
 Borgnjor's Vile Clutch   Necr/Erth      0%         N/A       100%        5
 Death Channel            Necr           0%         N/A       100%        6


Dungeon Overview and Level Annotations

Branches:
Dungeon (12/15)            Temple (1/1) D:5            Lair (0/6) D:10
  Sewer (visited)
    Orc: D:9-12

Altars:
Ashenzari
Cheibriados
Dithmenos
Elyvilon
Fedhas
Gozag
Hepliaklqana
Kikubaaqudgha
Makhleb
Nemelex Xobeh
Okawaru
Qazlal
Ru
Sif Muna
Trog
Uskayaw
Vehumet
Wu Jian
Xom
Yredelemnul
Zin
The Shining One

Shops:
D:3 *   D:7 (

Annotations:
D:6 1 runed translucent door, Radamante's ghost, novice MiHu
D:11 Fannar
D:12 Nessos


Innate Abilities, Weirdness & Mutations

Your life essence is reduced to manifest your ancestor. (-10% HP)
You are immune to sickness and miasma.
Your stone body is resilient. (AC +8)
You are immune to poison.
You resist negative energy. (rN+)
You are resistant to electric shocks. (rElec)
You are resistant to unholy torment.
You are immune to petrification.


Message History

Found 2 silvery potions.
A six-headed hydra comes into view.
Found a scroll of identify.
The six-headed hydra roars!
You hit the six-headed hydra. You freeze the six-headed hydra.
The six-headed hydra is lightly wounded.
The six-headed hydra bites you but does no damage.
The six-headed hydra bites you!
The six-headed hydra bites you but does no damage. x2
The six-headed hydra closely misses you.
The six-headed hydra barely misses you.
You thump the six-headed hydra! You freeze the six-headed hydra.
The six-headed hydra is moderately wounded.
You block the six-headed hydra's attack.
The six-headed hydra bites you but does no damage.
The six-headed hydra bites you.
The six-headed hydra bites you but does no damage. x3
You feel very mighty all of a sudden.
The six-headed hydra bites you but does no damage. x3
The six-headed hydra bites you.
* * * LOW HITPOINT WARNING * * *
The six-headed hydra closely misses you.
You block the six-headed hydra's attack.
You barely miss the six-headed hydra.
The six-headed hydra is lightly wounded.
You block the six-headed hydra's attack.
The six-headed hydra bites you.
* * * LOW HITPOINT WARNING * * *
You block the six-headed hydra's attack.
The six-headed hydra bites you but does no damage.
The six-headed hydra bites you.
* * * LOW HITPOINT WARNING * * *
The six-headed hydra bites you but does no damage.
You hit the six-headed hydra. You freeze the six-headed hydra.
The six-headed hydra is moderately wounded.
You block the six-headed hydra's attack. x2
The six-headed hydra bites you!
* * * LOW HITPOINT WARNING * * *
The six-headed hydra bites you!
You die...

.. ..# # ...# .#
##.......########...
#..... #..........#
##..... #..!(..#
##.....# #D@..#
#......# ##...##
.#......# ##....#
........####.....#
.............###..#
.##..........# ..#
##....###..# #.#
#..### ##.# ?. ##.
#... ...


You could see a six-headed hydra.

Vanquished Creatures
  Maurice (D:11)
  4 trolls
  A shadow (D:10)
  2 wraiths
  15 yaks
  A wyvern (D:6)
  A steam dragon (D:6)
  2 water moccasins
  4 orc warriors
  A black bear (D:8)
  5 wolves (D:10)
  An ogre (D:6)
  2 kobold brigands
  4 bullfrogs
  A wyvern zombie (D:9)
  2 scorpions (D:6)
  2 water moccasin skeletons
  22 killer bees
  13 wights
  2 electric eels (D:10)
  5 hounds
  5 centaur zombies
  4 jellies
  3 orc priests
  Crazy Yiuf (D:2)
  2 centaur skeletons
  4 iguanas
  Ijyb (D:3)
  Terence (D:3)
  6 orc wizards
  Natasha (thrice) (D:3)
  A hound skeleton (D:4)
  10 adders
  7 river rats (Sewer)
  4 worms
  2 dart slugs
  28 orcs
  10 endoplasms
  3 giant cockroaches
  4 goblins
  2 hobgoblins
  5 jackals
  2 quokkas
  15 ball pythons
  11 bats
  3 frilled lizards
  21 kobolds
  22 rats
271 creatures vanquished.

Vanquished Creatures (collateral kills)
  A kobold brigand (D:6)
  A bullfrog (D:9)
  3 killer bees
  An electric eel (D:10)
  A wight (D:8)
  An orc priest (D:10)
  2 orc wizards (D:8)
  4 orcs
  2 kobolds
16 creatures vanquished.

Vanquished Creatures (others)
  An orc wizard (D:3)
  4 hexers
  2 ancestors (D:6)
  5 fungi (D:3)
  3 plants (D:3)
  2 withered plants (D:6)
17 creatures vanquished.

Grand Total: 304 creatures vanquished

Notes
Turn   | Place    | Note
-------+----------+-------------------------------------------
     0 | D:1      | Ayyar the Gargoyle Fighter began the quest for the Orb.
     0 | D:1      | Reached XP level 1. HP: 14/14 MP: 1/1
   214 | D:1      | Reached XP level 2. HP: 16/19 MP: 2/2
   694 | D:1      | Reached XP level 3. HP: 23/23 MP: 3/3
   835 | D:2      | Found a runed translucent door.
   836 | D:2      | Noticed Crazy Yiuf
   847 | D:2      | Killed Crazy Yiuf
  1127 | D:2      | Reached XP level 4. HP: 26/29 MP: 4/4
  1780 | D:2      | You fall into a shaft and drop 2 floors!
  1978 | D:4      | Reached XP level 5. HP: 25/33 MP: 5/5
  2126 | D:3      | Found Tuegrij's Assorted Antiques.
  2663 | D:3      | Noticed Natasha
  2672 | D:3      | Killed Natasha
  2678 | D:3      | Found a faded altar of an unknown god.
  2831 | D:3      | Noticed Ijyb
  2868 | D:3      | Killed Ijyb
  2869 | D:3      | Reached XP level 6. HP: 12/39 MP: 6/6
  3132 | D:3      | Noticed Terence
  3142 | D:3      | Killed Terence
  3544 | D:3      | Noticed Natasha
  3563 | D:3      | Killed Natasha
  3772 | D:3      | Noticed Natasha
  3798 | D:3      | Killed Natasha
  4146 | D:4      | Reached skill level 5 in Shields
  4170 | D:4      | Reached skill level 5 in Fighting
  4170 | D:4      | Reached skill level 5 in Armour
  4170 | D:4      | Reached XP level 7. HP: 38/44 MP: 7/7
  4397 | D:4      | Identified the +3 halberd "Leviticus" {vorpal, Str+6 SInv}
  4398 | D:4      | Found a shimmering blue altar of Sif Muna.
  4586 | D:5      | Entered Level 5 of the Dungeon
  4744 | D:5      | Reached skill level 1 in Evocations
  4750 | D:5      | Found a staircase to the Ecumenical Temple.
  4762 | Temple   | Entered the Ecumenical Temple
  4788 | Temple   | Became a worshipper of Hepliaklqana the Forgotten
  4992 | D:5      | Found a glowing drain.
  5014 | Sewer    | Entered a sewer
  5139 | Sewer    | Reached XP level 8. HP: 50/50 MP: 8/8
  6099 | D:6      | Reached skill level 5 in Maces & Flails
  6476 | D:6      | Reached * piety under Hepliaklqana
  6491 | D:6      | Found a runed translucent door.
  6492 | D:6      | Noticed Radamante's ghost (novice MiHu)
  6605 | D:6      | Reached XP level 9. HP: 18/50 MP: 9/9
  6843 | D:6      | Found a broken altar of Ashenzari.
  7421 | D:7      | Found Myuprey's Weapon Shoppe.
  7499 | D:7      | Identified the +6 war axe of Superiority {antimagic, rElec
                  | rF- Will+++ Int+6}
  7829 | D:7      | Reached ** piety under Hepliaklqana
  7830 | D:7      | Remembered your ancestor Amyrtaeus as a hexer
  8067 | D:8      | Reached XP level 10. HP: 27/57 MP: 10/10
  8873 | D:9      | Reached skill level 5 in Evocations
  8936 | D:9      | Reached skill level 1 in Throwing
  9787 | D:9      | Reached *** piety under Hepliaklqana
  9988 | D:10     | Entered Level 10 of the Dungeon
 10131 | D:10     | Found a staircase to the Lair.
 10406 | D:10     | Reached XP level 11. HP: 42/62 MP: 11/11
 10756 | D:10     | Found a white marble altar of Elyvilon.
 10757 | D:10     | Found an iron altar of Okawaru.
 10758 | D:10     | Found a radiant altar of Vehumet.
 10759 | D:10     | Found a glowing silver altar of Zin.
 11394 | D:11     | Noticed Maurice
 11409 | D:11     | Killed Maurice
 11950 | D:11     | Reached **** piety under Hepliaklqana
 12006 | D:11     | Noticed Fannar
 12409 | D:12     | Noticed Nessos
 12425 | D:12     | Noticed a six-headed hydra
 12431 | D:12     | Slain by a six-headed hydra

Illustrated notes

Levels and vault maps discovered:
D:1:      dpeg_arrival_simpleton_c, layout_rooms, hangedman_decor_growths,
          minmay_misc_feat_tiny, st_stairs_6, kennysheep_small_spiral
D:2:      layout_basic, uniq_crazy_yiuf_cottage
D:3:      layout_rooms, serial_shops, shop, dreamdust_ecumenical_altar_grove,
          chequers_serial_rivers_micro_b, st_stairs_14, uniq_natasha,
          uniq_terence, uniq_ijyb
D:4:      layout_cave_pools, overflow_temple_1_default
D:5:      nicolae_cairo_tiling_very_big, layout_cave_pools,
          minmay_temple_entry_proselytizer, cheibrodos_sewer_entry_bend
D:6:      layout_loops_ring, mainiacjoe_overflow_alcove_2,
          gammafunk_ghost_grave, serial_glass, glass_columns_b, glass_columns_a,
          glass_columns_c, glass_columns_b, glass_columns_a, glass_columns_c,
          glass_columns_b
D:7:      layout_rooms, serial_shops, nicolae_shop_hallway_plus
D:8:      layout_rooms
D:9:      layout_layer_cave, solitary_fountain, minivault_16,
          hangedman_decor_points
D:10:     layout_loops_ring, mainiacjoe_overflow_alcove_3, erik_lair_island
D:11:     layout_basic, chequers_serial_rivers_micro_a, uniq_fannar,
          uniq_maurice
D:12:     layout_layer_cave, minmay_orc_entry_temple_small, uniq_nessos,
          uniq_gastronok
Temple:   lightli_temple_of_artemis

Skill      XL: |  1  2  3  4  5  6  7  8  9 10 11 |
---------------+----------------------------------+-----
Shields        | 4 5 6 7 8 9 |  9.6
Fighting       | 4 5 6 7 8 9 |  9.6
Maces & Flails | 3 4 5 6 7 8 |  8.5
Armour         | 4 5 6 7 8 9 |  9.6
Evocations     | 1 3 4 5 |  5.0
Throwing       | 2 4 |  4.0

Action                   |  1- 3 |  4- 6 |  7- 9 | 10-12 || total
-------------------------+-------+-------+-------+-------++-------
Melee: Flail             |    75 |   297 |   520 |   336 ||  1228
Throw: Dart              |       |       |       |    22 ||    22
Invok: Ancestor Life: He |       |       |     1 |       ||     1
Evoke: Wand              |       |       |       |     1 ||     1
  Use: Scroll            |       |       |     6 |     1 ||     7
       Potion            |       |       |     3 |     2 ||     5
 Stab: Confused          |       |       |       |     1 ||     1
       Distracted        |       |       |       |     1 ||     1
Armor: Scale mail        |    55 |   129 |       |       ||   184
       Ring mail         |       |    72 |   320 |   230 ||   622
Dodge: Dodged            |    34 |   144 |   285 |   199 ||   662
Block: Buckler           |    32 |   123 |   237 |   191 ||   583
